 Dungeon Crawl Stone Soup version 0.30-a0-1160-g6e42c06551 (webtiles) character file.

Game seed: 2744017625153042597

5852 Chudface the Summoner (level 10, -2/46 (47) HPs)
             Began as a Felid Summoner on Apr 24, 2023.
             Was an Initiate of Gozag.
             Killed by an exploding themself (21 damage)
             ... ignited by their inner flame
             ... on level 11 of the Dungeon on Apr 25, 2023.
             The game lasted 01:07:16 (10769 turns).

Chudface the Summoner (Felid Summoner)             Turns: 10769, Time: 01:07:17

HP:   -2/46 (47)    AC:  2    Str:  4    XL:     10   Next: 52%
MP:   17/17         EV: 19    Int: 22    God:    Gozag
Gold: 258           SH:  0    Dex: 16    Spells: 4/17 levels left
                                        Lives: 0   Deaths: 2

rFire   + .          .
                       - Unarmed
rCold   . . .        (shield unavailable)
rNeg    . . .        (body armour unavailable)
rPois   .            (helmet unavailable)
rElec   .            (cloak unavailable)
rCorr   .            (gloves unavailable)
SInv    +            (boots unavailable)
Will    +....        y - amulet of magic regeneration
Stlth   +++          i - ring of wizardry
HPRegen 0.27/turn    t - ring of protection from fire
MPRegen 0.55/turn

%: wizardry (x1)
@: lightly drained, quick
A: very small, claws 1, fangs 3, see invisible, speed 1, shaggy fur 2, stealthy
paws, no weapons or thrown items, no armour, multi-lived
a: Renounce Religion, Potion Petition, Call Merchant, Bribe Branch


You were on level 11 of the Dungeon.
You worshipped Gozag.
Gozag was aware of your devotion.
You visited 4 branches of the dungeon, and saw 16 of its levels.
You also visited: Ossuary.

You collected 2527 gold pieces.
You spent 1300 gold pieces at shops.
You paid 969 gold pieces to Gozag.

Inventory:

Hand Weapons
 H - a +0 club
Jewellery
 i - a ring of wizardry (left paw)
 j - the amulet "Ruinn" {Faith Will+ Int+8 Dex-4}
   (You found it on level 3 of the Dungeon)

   [amulet of faith]

   It allows you to gain divine favour quickly.
   Int:       It affects your intelligence (+8).
   Dex:       It affects your dexterity (-4).
   Will:      It increases your willpower.
 r - a ring of wizardry
 t - a ring of protection from fire (right paw)
 y - an amulet of magic regeneration (around neck)
Wands
 g - a wand of paralysis (28)
 h - a wand of flame (9)
 w - a wand of polymorph (12)
 F - a wand of light (1)
Scrolls
 c - 4 scrolls of teleportation
 d - 4 scrolls of fog
 e - 6 scrolls of fear
 k - 3 scrolls of noise
 l - a scroll of silence
 n - a scroll of immolation
 o - 5 scrolls of vulnerability
 p - 3 scrolls of amnesia
 u - 3 scrolls of poison
 x - a scroll of torment
 A - 3 scrolls of magic mapping
 D - a scroll of blinking
 E - a scroll of butterflies
 I - a scroll of identify
Potions
 a - a potion of magic
 b - 2 potions of might
 f - 3 potions of flight
 m - 6 potions of attraction
 q - 2 potions of berserk rage
 s - 4 potions of curing
 v - 3 potions of resistance
 z - 2 potions of cancellation
 B - 2 potions of mutation
 C - 5 potions of ambrosia
 G - a potion of invisibility {unknown}


   Skills:
 - Level 7.0 Fighting
 - Level 5.0 Dodging
 - Level 5.0 Stealth
 - Level 4.0 Unarmed Combat
 - Level 4.0 Spellcasting
 - Level 3.0 Hexes
 + Level 14.5 Summonings
 - Level 4.0 Air Magic
 - Level 4.0 Evocations


You had 4 spell levels left.
You knew the following spells:

 Your Spells              Type           Power      Damage    Failure   Level
a - Summon Small Mammal   Summ           100%       N/A       1%          1
b - Call Imp              Summ           100%       N/A       1%          2
c - Call Canine Familiar  Summ           62%        N/A       1%          3
d - Summon Guardian Gole  Hex/Summ       42%        N/A       1%          3
e - Summon Lightning Spi  Summ/Air       45%        N/A       1%          4

Your spell library contained the following spells:

 Spells                   Type           Power      Damage    Failure   Level
 Sandblast                Erth           8%         2d5       4%          1
 Passwall                 Tmut/Erth      3%         N/A       7%          2
 Inner Flame              Hex/Fire       11%        N/A       8%          3
 Stone Arrow              Conj/Erth      8%         3d7       13%         3
 Anguish                  Hex/Necr       5%         N/A       24%         4
 Flame Wave               Conj/Fire      4%         2d5       38%         4
 Sticky Flame             Conj/Fire      4%         2d3       38%         4
 Enfeeble                 Hex            8%         N/A       100%        7


Dungeon Overview and Level Annotations

Branches:
Dungeon (13/15)            Temple (1/1) D:7            Lair (1/5) D:8
    Orc (1/2) D:11        Ossuary (visited)
 Vaults: D:13-14

Altars:
Cheibriados
Gozag
Kikubaaqudgha
Makhleb
Nemelex Xobeh
Okawaru
Qazlal
Ru
Sif Muna
Trog
Wu Jian
Xom
Zin
The Shining One

Shops:
D:8 ?*   D:10 *

Annotations:
D:2 exclusion: downstairs
D:7 exclusion: downstairs
D:8 Maurice
D:13 1 runed translucent door, exclusions: centaur warrior, cyclops, deep elf pyromancer and 2 ugly things, Chudface's ghost, journeyman FeSu
Orc:1 Urug


Innate Abilities, Weirdness & Mutations

You have sharp claws.
You have razor-sharp teeth.
You have supernaturally acute eyesight. (SInv)
You cover ground quickly. (Speed+)
You are covered in thick fur. (AC +2)
Your paws help you pounce on unaware monsters.
You are incapable of wielding weapons or throwing items.
You cannot wear armour.
You gain extra lives every three experience levels.


Message History

The floor.
You swap places.
Your guardian golem overheats!
The orc warrior throws a boomerang of dispersal.
The boomerang of dispersal hits your guardian golem.
Flame seeps out of your guardian golem.
Your guardian golem blinks!
Things that are here:
7 stones; a +0 broad axe Your warg is engulfed in blazing flames.
Flame seeps out of your guardian golem. What are your orders? t - Meow!
Orders for allies: a - Attack new target. r - Retreat! s - Stop attacking. g - Guard the area. f - Follow me.
Anything else - Cancel.
Gang up on whom?
Press: ? - help, Dir - move target, f - orc warrior
Aim: an orc warrior, wielding a +0 long sword, wearing a +0 chain mail and quivering boomerangs of dispersal (ally target) Attack!
Your guardian golem is engulfed in blazing flames.
Flame seeps out of your guardian golem.
Your warg seems less confused.
The orc warrior barely misses your guardian golem.
The orc warrior throws a boomerang of dispersal.
The boomerang of dispersal hits your guardian golem.
Flame seeps out of your guardian golem.
Your guardian golem blinks!
Your warg disappears in a puff of smoke!
The orc warrior throws a boomerang of dispersal.
The boomerang of dispersal completely misses you.
The orc warrior throws a boomerang of dispersal.
The boomerang of dispersal hits your guardian golem!
Your guardian golem blinks!
Your guardian golem disappears in a puff of smoke!
Your guardian golem explodes!
The fiery explosion engulfs you!! You resist.
You die...
Your body crumbles into a pile of gold.

#.....# #....#
####'### #.[)[.#
###+## #...# ###)###
..# ####.# #8...8# #.#
####.....
#§....########.##
#........
#..§§.##........#
##.##.....
#[....##..§.§...#
#..##.....
#...####..§§§...#
#.###.[...
###o$oo§..§.@...# ##.#
#.....
######........###..#
#.....
#......>.....#####.###
#........##### #...#
########## #.###
##'##### #.......
#....... #.......


You could see an orc warrior and an orc.

Vanquished Creatures
  A wraith (D:8)
  2 howler monkeys
  An orc priest (D:11)
  An orc wizard (D:10)
  An orc (D:8)
  A bat skeleton (D:6)
  2 endoplasms
  2 giant cockroaches
  A hobgoblin (D:1)
  2 quokkas (D:2)
  3 ball pythons
  5 bats
  4 frilled lizards
  A goblin (D:1)
  5 kobolds
  A rat (D:3)
  A rat zombie (D:6)
34 creatures vanquished.

Vanquished Creatures (collateral kills)
  2 manticores
  A black mamba (Lair:1)
  2 gargoyles
  An unseen horror (D:11)
  A queen bee (D:9)
  2 trolls
  2 slime creatures (D:8)
  A wyvern (D:9)
  3 yaks
  2 shadows
  Eustachio (D:4)
  Edmund (D:4)
  An acid dragon (D:11)
  A naga (D:8)
  2 water moccasins
  2 orc warriors (D:8)
  4 black bears
  2 wolves (Lair:1)
  3 centaurs
  A phantom (D:7)
  3 kobold brigands
  4 bullfrogs
  2 gnoll sergeants
  2 scorpions
  7 wights (D:9)
  14 killer bees
  An electric eel (D:9)
  2 howler monkeys
  3 vampire bats (D:6)
  2 human zombies (Ossuary)
  4 orc priests
  5 hounds
  A jelly (D:5)
  Jessica (D:2)
  An iguana (D:6)
  Natasha (twice) (D:2)
  9 orc wizards
  4 hound zombies (Ossuary)
  4 mummies (Ossuary)
  8 gnolls
  8 adders
  4 white imps
  3 worms
  A dart slug (D:2)
  36 orcs
  4 bat skeletons (D:6)
  2 bat zombies (D:6)
  4 endoplasms
  6 goblins
  7 hobgoblins
  7 jackals
  5 ball pythons
  2 bats
  2 frilled lizards
  A goblin zombie (Ossuary)
  A hobgoblin zombie (Ossuary)
  14 kobolds
  3 kobold zombies (Ossuary)
  An orc zombie (Ossuary)
  A quokka zombie (D:6)
  A rat (D:2)
227 creatures vanquished.

Vanquished Creatures (others)
  A two-headed ogre (D:9)
  A wizard (D:5)
  A manticore (D:12)
  Maggie (D:10)
  A black mamba (Lair:1)
  A troll (D:8)
  Sigmund (D:3)
  A yak (D:11)
  Duvessa (D:6)
  An orc warrior (D:10)
  A wolf (Lair:1)
  A centaur (D:12)
  2 wights (D:9)
  Dowan (D:6)
  8 killer bees
  An orc priest (D:11)
  An orc wizard (D:11)
  An orc (D:11)
  2 plants
28 creatures vanquished.

Grand Total: 289 creatures vanquished

Notes
Turn   | Place    | Note
-------+----------+-------------------------------------------
     0 | D:1      | Chudface the Felid Summoner began the quest for the Orb.
     0 | D:1      | Reached XP level 1. HP: 7/7 MP: 4/4
   218 | D:1      | Reached XP level 2. HP: 10/11 MP: 4/6
   221 | D:1      | Learned a level 2 spell: Call Imp
   805 | D:2      | Reached XP level 3. HP: 14/14 MP: 2/7
   809 | D:2      | Learned a level 3 spell: Call Canine Familiar
   823 | D:3      | Found an opulent altar of Gozag.
   911 | D:3      | Became a worshipper of Gozag Ym Sagoz the Greedy
  1030 | D:3      | Noticed Sigmund
  1311 | D:2      | Reached skill level 5 in Summonings
  1498 | D:2      | Noticed Natasha
  1534 | D:2      | Killed Natasha
  1535 | D:2      | Reached XP level 4. HP: 14/18 MP: 1/8
  1565 | D:2      | Found an iron altar of Okawaru.
  1782 | D:2      | Noticed Natasha
  1822 | D:2      | Killed Natasha
  1963 | D:2      | Noticed Jessica
  1999 | D:2      | Killed Jessica
  2000 | D:2      | Reached XP level 5. HP: 21/21 MP: 2/10
  2122 | D:3      | Learned a level 3 spell: Summon Guardian Golem
  2292 | D:3      | Identified the amulet "Ruinn" {Faith Will+ Int+8 Dex-4}
  2342 | D:3      | Found a sacrificial altar of Ru.
  2544 | D:3      | Killed Sigmund
  2545 | D:3      | Reached skill level 6 in Summonings
  2545 | D:3      | Gained mutation: You are covered in thick fur. (AC +2)
                  | [Felid growth]
  2545 | D:3      | Reached XP level 6. HP: 24/24 MP: 7/12
  2738 | D:4      | Learned a level 4 spell: Summon Lightning Spire
  2818 | D:4      | Reached skill level 1 in Air Magic
  2856 | D:5      | Entered Level 5 of the Dungeon
  2956 | D:4      | Noticed Eustachio
  2967 | D:4      | Killed Eustachio
  2968 | D:4      | Reached XP level 7. HP: 27/27 MP: 4/14
  3181 | D:4      | Noticed Edmund
  3193 | D:4      | Killed Edmund
  3194 | D:4      | Reached skill level 7 in Summonings
  3252 | D:4      | Found a burning altar of Makhleb.
  3252 | D:4      | Found a glowing silver altar of Zin.
  3253 | D:4      | Noticed an angel
  3253 | D:4      | Noticed a cacodemon
  3454 | D:6      | Reached skill level 1 in Fighting
  3454 | D:6      | Reached skill level 1 in Evocations
  3471 | D:6      | Found a sand-covered staircase.
  3536 | Ossuary  | Entered an ossuary
  3552 | Ossuary  | Reached XP level 8. HP: 22/32 MP: 4/15
  3907 | D:5      | Found a bloodstained altar of Trog.
  3909 | D:5      | Noticed a wizard
  3915 | D:5      | Killed a wizard
  4211 | D:6      | Noticed Duvessa
  4357 | D:5      | Reached skill level 8 in Summonings
  4589 | D:6      | Found an ornate altar of the Wu Jian Council.
  4724 | D:6      | Noticed Dowan
  4974 | D:7      | Found a staircase to the Ecumenical Temple.
  4982 | Temple   | Entered the Ecumenical Temple
  5356 | D:6      | Reached skill level 5 in Stealth
  5356 | D:6      | Reached XP level 9. HP: 39/39 MP: 10/16
  5427 | D:6      | Reached skill level 5 in Dodging
  5558 | D:6      | Found an ancient bone altar of Kikubaaqudgha.
  5579 | D:6      | Killed Duvessa
  5579 | D:6      | Killed Dowan
  5865 | D:8      | Reached skill level 9 in Summonings
  5877 | D:8      | Found a shimmering blue altar of Sif Muna.
  5877 | D:8      | Found a snail-covered altar of Cheibriados.
  5878 | D:8      | Found a stormy altar of Qazlal.
  5891 | D:8      | Reached skill level 5 in Fighting
  6134 | D:8      | Found Cajiajer's Neck Hole.
  6158 | D:8      | Found a staircase to the Lair.
  6202 | D:9      | Reached skill level 10 in Summonings
  6202 | D:9      | Noticed a two-headed ogre
  6210 | D:9      | Killed a two-headed ogre
  6294 | D:8      | Found a sparkling altar of Nemelex Xobeh.
  6404 | D:9      | Reached XP level 10. HP: 46/46 MP: 5/17
  6427 | D:9      | Noticed a gargoyle
  6544 | D:8      | Noticed a catoblepas
  6683 | D:8      | Upgraded the game from 0.30-a0-1157-g2cc9ac7196 to
                  | 0.30-a0-1160-g6e42c06551
  6703 | D:8      | Found a shimmering altar of Xom.
  6840 | D:8      | Noticed a manticore
  6846 | D:8      | Killed a manticore
  6847 | D:8      | Reached skill level 11 in Summonings
  6858 | D:8      | Noticed a centaur warrior
  6865 | D:8      | Noticed Maurice
  6932 | D:8      | Bought 2 scrolls of identify for 52 gold pieces
  6932 | D:8      | Bought a scroll of identify for 26 gold pieces
  6932 | D:8      | Bought a scroll of magic mapping for 97 gold pieces
  6932 | D:8      | Bought a scroll of amnesia for 52 gold pieces
  6932 | D:8      | Bought a scroll of fear for 52 gold pieces
  6936 | D:8      | Bought 3 scrolls of fear for 156 gold pieces
  6936 | D:8      | Bought a scroll of poison for 52 gold pieces
  6936 | D:8      | Bought a scroll of torment for 123 gold pieces
  6957 | Lair:1   | Entered Level 1 of the Lair of Beasts
  6970 | Lair:1   | Noticed a black mamba
  6983 | Lair:1   | Killed a black mamba
  7028 | Lair:1   | Noticed a black mamba
  7029 | Lair:1   | Noticed a cane toad
  7031 | Lair:1   | Reached skill level 12 in Summonings
  7041 | Lair:1   | Killed a black mamba
  7050 | D:8      | HP: 1/47 [wolf (5)]
  7475 | D:9      | Killed a gargoyle
  7476 | D:9      | Reached skill level 1 in Unarmed Combat
  7506 | D:10     | Entered Level 10 of the Dungeon
  7718 | D:9      | Killed from afar by an electric eel
  7719 | D:9      | Reached XP level 9. HP: -8/43 MP: 16/16
  8091 | D:9      | Reached XP level 10. HP: 47/47 MP: 5/17
  8444 | D:8      | Bought an amulet of magic regeneration for 360 gold pieces
  8493 | D:8      | Noticed a centaur warrior
  8505 | D:8      | Shot with an arrow by a centaur warrior
  8506 | D:8      | Reached XP level 9. HP: -6/43 MP: 6/16
  8513 | D:8      | Found a glowing golden altar of the Shining One.
  8644 | D:8      | Reached skill level 13 in Summonings
  8711 | D:9      | Noticed a queen bee
  8732 | D:9      | Killed a queen bee
  9021 | D:10     | Noticed a troll
  9036 | D:10     | Killed a troll
  9276 | D:10     | Found Luddi's General Store.
  9279 | D:10     | Bought a potion of curing for 45 gold pieces
  9279 | D:10     | Bought a +0 scale mail for 60 gold pieces
  9279 | D:10     | Bought a scroll of fog for 60 gold pieces
  9279 | D:10     | Bought a scroll of teleportation for 45 gold pieces
  9279 | D:10     | Bought a potion of mutation for 120 gold pieces
  9309 | D:10     | Noticed Maggie
  9324 | D:10     | Killed Maggie
  9411 | D:11     | Found a stormy altar of Qazlal.
  9436 | D:11     | Noticed a gargoyle
  9441 | D:11     | Killed a gargoyle
  9442 | D:11     | Reached XP level 10. HP: 47/47 MP: 11/17
  9443 | D:11     | You fall into a shaft and drop 2 floors!
  9458 | D:13     | Noticed a cyclops
  9496 | D:13     | Noticed a red ugly thing
  9512 | D:13     | Noticed a deep elf pyromancer
  9529 | D:13     | Noticed a green ugly thing
  9540 | D:13     | Noticed a centaur warrior
  9602 | D:13     | Noticed a manticore
  9622 | D:13     | Killed a manticore
  9665 | D:13     | Noticed a tengu warrior
  9676 | D:13     | Noticed Chudface's ghost (journeyman FeSu)
  9679 | D:13     | Found a runed translucent door.
  9730 | D:12     | Noticed a manticore
  9742 | D:12     | Killed a manticore
  9743 | D:12     | Reached skill level 14 in Summonings
  9788 | D:12     | Noticed a purple ugly thing
 10673 | D:11     | Found a staircase to the Orcish Mines.
 10740 | Orc:1    | Entered Level 1 of the Orcish Mines
 10740 | Orc:1    | Noticed Urug
 10769 | D:11     | Killed by an exploding themself... ignited by their inner
                  | flame

Illustrated notes

Levels and vault maps discovered:
D:1:      giann_bridges, layout_basic
D:2:      layout_basic, basic_altar, st_stairs_5, uniq_jessica, uniq_natasha
D:3:      layout_loops_cross, nicolae_gozag_seed_capital,
          nicolae_ru_sacrificial_ziggurat, uniq_sigmund
D:4:      layout_cave_pods, grunt_temple_overflow_order_and_chaos_2,
          serial_column_ruins, column_ruins_hut, column_ruins_grid_2,
          column_ruins_grid_2, column_ruins_open_small, column_ruins_open_large,
          column_ruins_columns_T, uniq_edmund, uniq_eustachio
D:5:      layout_loops_cross, trog_wizard
D:6:      layout_loops_ring, mainiacjoe_overflow_six_doors_small,
          kennysheep_vampire_church, enter_ossuary_4, uniq_duvessa
D:7:      layout_rooms, minmay_temple_entry_nine_rooms
D:8:      minmay_cut_squares, layout_loops_corners,
          mainiacjoe_overflow_tiny_flanked, nicolae_overflow_crystal_walls,
          nicolae_overflow_quartered_altars, nicolae_shop_sticking_my_neck_out,
          uniq_maurice
D:9:      layout_basic, special_room [special_room_bee]
D:10:     layout_stronghold, serial_shops, kennysheep_mini_moat, uniq_maggie
D:11:     layout_roguey, minmay_orc_entry_temple_small, minmay_misc_feat_rows,
          grunt_qazlal_clouds
D:12:     layout_cave_pools
D:13:     layout_stronghold, hellmonk_ghost_big_iron, serial_bayou_pond_a,
          minmay_quadrilaterals
Temple:   grunt_temple_mini_profane
Lair:1:   layout_misc_corridors, grunt_megastairs_3
Orc:1:    cheibrodos_orc_arena, layout_caves, serial_shops,
          nicolae_shop_getting_attention, nicolae_shop_overcharged_wands,
          uniq_urug

Skill      XL: |  1  2  3  4  5  6  7  8  9 10 |
---------------+-------------------------------+-----
Stealth        | 3 5 |  5.0
Dodging        | 3 4 5 |  5.0
Summonings     | 5 6 7 8 13 14 | 14.5
Spellcasting   | 3 4 |  4.0
Hexes          | 3 |  3.0
Air Magic      | 2 4 |  4.0
Fighting       | 1 3 6 7 |  7.0
Evocations     | 1 3 4 |  4.0
Unarmed Combat | 4 3 |  4.0

Action                     |  1- 3 |  4- 6 |  7- 9 | 10-12 || total
---------------------------+-------+-------+-------+-------++-------
  Melee: Unarmed           |    35 |    36 |    72 |    66 ||   209
         Bite              |     4 |     7 |     9 |     9 ||    29
         Punch             |       |     2 |     4 |       ||     6
   Cast: Summon Small Mamm |    16 |     3 |     3 |     5 ||    27
         Call Imp          |    10 |     6 |    16 |    14 ||    46
         Call Canine Famil |     3 |     9 |    38 |    27 ||    77
         Summon Guardian G |       |     3 |    20 |    19 ||    42
         Summon Lightning  |       |     1 |    24 |    13 ||    38
 Invoke: Potion Petition   |       |       |       |     1 ||     1
         Call Merchant     |       |       |       |     1 ||     1
  Evoke: Wand              |       |       |       |     9 ||     9
    Use: Scroll            |     3 |       |    10 |    10 ||    23
         Potion            |       |       |       |     2 ||     2
   Stab: Sleeping          |     4 |     2 |     8 |       ||    14
         Distracted        |       |       |     2 |     1 ||     3
 Armour: Skin              |     2 |     5 |     6 |     6 ||    19
  Dodge: Dodged            |    35 |    42 |    93 |    89 ||   259

Table legend: (Time is in decaauts)
 A = Elapsed time spent in this place.
 B = Non-inter-level travel time spent in this place.
 C = Inter-level travel time spent in this place.
 D = Time resting spent in this place.
 E = Time spent auto-exploring this place.
 F = Levels seen in this place.
 G = Mean time per level.
                   A        B        C        D        E       F      G
               +--------+--------+--------+--------+--------+-----+--------+
         Total |   9170 |   8181 |    989 |    870 |    902 |  17 |  539.4 |
       Dungeon |   8839 |   7850 |    989 |    824 |    902 |  13 |  679.9 |
        Temple |      1 |      1 |      0 |      0 |      0 |   1 |    1.0 |
          Lair |     80 |     80 |      0 |      0 |      0 |   1 |   80.0 |
  Orcish Mines |      1 |      1 |      0 |      0 |      0 |   1 |    1.0 |
       Ossuary |    247 |    247 |      0 |     46 |      0 |   1 |  247.0 |
               +--------+--------+--------+--------+--------+-----+--------+

Top non-repeatable levels by time:
     D:8: 1310 daAuts
     D:6: 1008 daAuts
     D:2: 976 daAuts
     D:9: 840 daAuts
    D:10: 837 daAuts
     D:7: 686 daAuts
     D:1: 644 daAuts
     D:4: 611 daAuts
     D:3: 584 daAuts
     D:5: 537 daAuts
    D:11: 498 daAuts
 Ossuary: 247 daAuts
    D:13: 231 daAuts
  Lair:1: 80 daAuts
    D:12: 70 daAuts
